 Dungeon Crawl Stone Soup version 0.29.1-12-g30fa7ad0bf (webtiles) character file.

Game seed: 4946072446455083334

238 zeram the Caller (level 6, -1/44 HPs)
             Began as a Gnoll Summoner on Dec 13, 2022.
             Slain by an orc priest
             ... wielding a +0 falchion
              (9 damage)
             ... on level 3 of the Dungeon.
             The game lasted 00:05:17 (3775 turns).

zeram the Caller (Gnoll Summoner)                   Turns: 3775, Time: 00:05:18

Health: -1/44      AC:  3    Str:  7    XL:     6   Next: 7%
Magic:  14/14      EV: 13    Int: 16    God:
Gold:   187        SH:  0    Dex: 13    Spells: 5/15 levels left

rFire   . . .      SeeInvis .   f - +0 whip
rCold   . . .      Faith    .   (no shield)
rNeg    . . .      Spirit   .   a - +1 robe
rPois   .          Reflect  .   (no helmet)
rElec   .          Harm     .   (no cloak)
rCorr   .          Rampage  .   (no gloves)
Will    .....                   (no boots)
Stlth   +++.......              (no amulet)
HPRegen 0.14/turn               (no ring)
MPRegen 0.14/turn               (no ring)

@: no status effects
A: fangs 1, strong nose, distributed training
a: no special abilities


You were on level 3 of the Dungeon.
You visited 1 branch of the dungeon, and saw 3 of its levels.

You collected 187 gold pieces.

Inventory:

Hand Weapons
 d - a +0 club
 f - a +0 whip (weapon)
Armour
 a - a +1 robe (worn)
Scrolls
 c - a scroll of identify
 l - a scroll of teleportation
Potions
 b - a potion of magic
 e - a potion of curing
 g - a potion of attraction


   Skills:
 + Level 1.8 Fighting
 + Level 1.8 Short Blades
 + Level 1.8 Long Blades
 + Level 1.8 Axes
 + Level 1.8 Maces & Flails
 + Level 1.8 Polearms
 + Level 1.8 Staves
 + Level 1.8 Ranged Weapons
 + Level 1.8 Throwing
 + Level 1.8 Armour
 + Level 4.9 Dodging
 + Level 4.5 Stealth
 + Level 1.8 Shields
 + Level 1.8 Unarmed Combat
 + Level 5.3 Spellcasting
 + Level 1.4 Conjurations
 + Level 1.4 Hexes
 + Level 7.2 Summonings
 + Level 1.4 Necromancy
 + Level 1.4 Translocations
 + Level 1.4 Transmutations
 + Level 1.4 Fire Magic
 + Level 1.4 Ice Magic
 + Level 1.4 Air Magic
 + Level 1.4 Earth Magic
 + Level 1.4 Poison Magic
 + Level 2.0 Invocations
 + Level 1.8 Evocations


You had 5 spell levels left.
You knew the following spells:

 Your Spells              Type           Power      Damage    Failure   Level
a - Summon Small Mammal   Summ           100%       N/A       1%          1
b - Call Imp              Summ           27%        N/A       1%          2
c - Call Canine Familiar  Summ           27%        N/A       2%          3
d - Summon Lightning Spi  Summ/Air       18%        N/A       24%         4

Your spell library contained the following spells:

 Spells                   Type           Power      Damage    Failure   Level
 Summon Guardian Golem    Hex/Summ       18%        N/A       8%          3
 Sting                    Tmut/Pois      32%        1d4       9%          1
 Poisonous Vapours        Pois/Air       16%        N/A       12%         2
 Olgreb's Toxic Radiance  Pois           8%         N/A       63%         4


Dungeon Overview and Level Annotations

Branches:
Dungeon (3/15)

Altars:
Elyvilon
Fedhas
Gozag
Nemelex Xobeh
Okawaru
Qazlal
Trog
Wu Jian
Zin

Shops:
D:1 !:   D:2 =


Innate Abilities, Weirdness & Mutations

You have very sharp teeth.
Your uncanny sense of smell can sniff out nearby items.
Your experience applies equally to all skills.


Message History

Are you sure you want to stumble around while confused and next to your crimson imp? [Y]es or [N]o only, please.
Are you sure you want to stumble around while confused and next to your crimson imp? [Y]es or [N]o only, please.
Are you sure you want to stumble around while confused and next to your crimson imp?
Okay, then.
The orc priest calls down the wrath of Beogh upon you.
Beogh smites you! The orc misses you. The orc closely misses your hound.
The orc closely misses your crimson imp.
The orc wizard casts a spell.
The orc wizard flickers and vanishes!
Deactivating autopickup; reactivate with Ctrl-A.
Your hound bites the orc.
Your crimson imp barely misses the orc priest.
You feel less invigorated.
You feel less confused.
Your hound completely misses the orc.
The orc priest hits you with a +0 falchion.
The orc closely misses you. The orc closely misses your hound.
The orc closely misses your crimson imp.
Something hits you!
* * * LOW HITPOINT WARNING * * *
Your crimson imp closely misses the orc priest.
Your hound barely misses the orc.
You feel better. The orc priest barely misses you.
The orc hits you with a +0 hand axe.
The orc hits your hound but does no damage.
The orc closely misses your crimson imp.
You hear some strange, mumbled words.
A puff of flame appears from out of thin air!
The puff of flame hits you.
* * * LOW HITPOINT WARNING * * *
Your hound misses the orc.
Your crimson imp closely misses the orc priest.
The orc attacks as you move away! The orc barely misses you.
The orc misses your hound.
The orc hits your crimson imp with a +0 hand axe.
The orc priest attacks as you move away!
The orc priest hits you with a +0 falchion!
You die...

#...................##.##.#
######.........#....##.##.#
##...#....###.........#
###........## ##..##.####
#..........# ##...##.##
#.#........###.......>#
#.##...#............#.#
#.###.####...{.##.....#
#..........h@5####...##
#.......####oo# ##...# #.##)#..#
#B.###....#
#####.##.#..####.........#
....#.##........>.)......#
........##......###.########....#
....#.#.###.###.# #.# #.........#
......<.....###.###..##.#.#......
.....##.######...##.......#..#...


You could see an orc priest (ally target), an orc, a giant cockroach, a friendly
hound (summoned) and a friendly crimson imp (summoned).

Vanquished Creatures
  An adder (D:2)
  An orc (D:3)
  6 ball pythons
  3 bats
  2 endoplasms
  A giant cockroach (D:1)
  2 goblins (D:2)
  4 hobgoblins
  2 jackals (D:2)
  2 quokkas (D:2)
  2 frilled lizards
  5 kobolds
  5 rats
36 creatures vanquished.

Vanquished Creatures (collateral kills)
  Sigmund (D:3)
  A gnoll (D:1)
  An orc (D:3)
  2 endoplasms (D:1)
  A giant cockroach (D:1)
  A goblin (D:1)
  A hobgoblin (D:1)
  A quokka (D:1)
  A frilled lizard (D:1)
  3 kobolds
13 creatures vanquished.

Grand Total: 49 creatures vanquished

Notes
Turn   | Place    | Note
-------+----------+-------------------------------------------
     0 | D:1      | zeram the Gnoll Summoner began the quest for the Orb.
     0 | D:1      | Reached XP level 1. HP: 13/13 MP: 6/6
    43 | D:1      | Reached XP level 2. HP: 10/20 MP: 4/7
   511 | D:1      | Found Plog's Vocational Training.
   769 | D:1      | Found Irhinlus's Distillery.
   782 | D:1      | Learned a level 2 spell: Call Imp
  1085 | D:1      | Reached skill level 5 in Spellcasting
  1085 | D:1      | Reached XP level 3. HP: 9/25 MP: 6/9
  1456 | D:1      | Found a faded altar of an unknown god.
  1763 | D:1      | Learned a level 3 spell: Call Canine Familiar
  1845 | D:2      | Reached skill level 1 in Invocations
  2329 | D:2      | Found Laucof's One-of-a-Kind Rings.
  2344 | D:2      | Reached skill level 1 in Fighting
  2344 | D:2      | Reached skill level 1 in Short Blades
  2344 | D:2      | Reached skill level 1 in Long Blades
  2344 | D:2      | Reached skill level 1 in Axes
  2344 | D:2      | Reached skill level 1 in Maces & Flails
  2344 | D:2      | Reached skill level 1 in Polearms
  2344 | D:2      | Reached skill level 1 in Staves
  2344 | D:2      | Reached skill level 1 in Ranged Weapons
  2344 | D:2      | Reached skill level 1 in Throwing
  2344 | D:2      | Reached skill level 1 in Armour
  2344 | D:2      | Reached skill level 1 in Shields
  2344 | D:2      | Reached skill level 1 in Unarmed Combat
  2344 | D:2      | Reached skill level 1 in Evocations
  2674 | D:2      | Reached XP level 4. HP: 19/32 MP: 11/11
  3127 | D:3      | Found a bloodstained altar of Trog.
  3128 | D:3      | Found a sparkling altar of Nemelex Xobeh.
  3135 | D:3      | Found an ornate altar of the Wu Jian Council.
  3136 | D:3      | Found a stormy altar of Qazlal.
  3136 | D:3      | Found an opulent altar of Gozag.
  3136 | D:3      | Found a white marble altar of Elyvilon.
  3138 | D:3      | Found a blossoming altar of Fedhas.
  3138 | D:3      | Found an iron altar of Okawaru.
  3138 | D:3      | Found a glowing silver altar of Zin.
  3236 | D:3      | Noticed Sigmund
  3511 | D:2      | Learned a level 4 spell: Summon Lightning Spire
  3634 | D:3      | Killed Sigmund
  3635 | D:3      | Reached skill level 1 in Conjurations
  3635 | D:3      | Reached skill level 1 in Hexes
  3635 | D:3      | Reached skill level 1 in Necromancy
  3635 | D:3      | Reached skill level 1 in Translocations
  3635 | D:3      | Reached skill level 1 in Transmutations
  3635 | D:3      | Reached skill level 1 in Fire Magic
  3635 | D:3      | Reached skill level 1 in Ice Magic
  3635 | D:3      | Reached skill level 1 in Air Magic
  3635 | D:3      | Reached skill level 1 in Earth Magic
  3635 | D:3      | Reached skill level 1 in Poison Magic
  3635 | D:3      | Reached XP level 5. HP: 38/38 MP: 7/12
  3635 | D:3      | Reached XP level 6. HP: 44/44 MP: 8/14
  3775 | D:3      | Slain by an orc priest

Illustrated notes

Levels and vault maps discovered:
D:1:      dpeg_arrival_short_road, layout_loops_ring,
          shapermc_ecumenical_altar_mp_ritualfount, serial_shops,
          nicolae_diamond_shop, nicolae_shop_vocational
D:2:      layout_basic, nicolae_shop_unique_rings, minmay_statues_item,
          dk_vineyard_2, minmay_domino_2
D:3:      layout_loops_cross, mainiacjoe_overflow_paths,
          nicolae_overflows_in_rows, hangedman_decor_growths,
          kennysheep_generic_room_7, uniq_sigmund

Skill      XL: |  1  2  3  4 |
---------------+-------------+-----
Spellcasting   | 5 |  5.3
Invocations    | 1 2 |  2.0
Fighting       | 1 |  1.8
Short Blades   | 1 |  1.8
Long Blades    | 1 |  1.8
Axes           | 1 |  1.8
Maces & Flails | 1 |  1.8
Polearms       | 1 |  1.8
Staves         | 1 |  1.8
Ranged Weapons | 1 |  1.8
Throwing       | 1 |  1.8
Armour         | 1 |  1.8
Shields        | 1 |  1.8
Unarmed Combat | 1 |  1.8
Evocations     | 1 |  1.8
Conjurations   | 1 |  1.4
Hexes          | 1 |  1.4
Necromancy     | 1 |  1.4
Translocations | 1 |  1.4
Transmutations | 1 |  1.4
Fire Magic     | 1 |  1.4
Ice Magic      | 1 |  1.4
Air Magic      | 1 |  1.4
Earth Magic    | 1 |  1.4
Poison Magic   | 1 |  1.4
Dodging        | |  4.9
Stealth        | |  4.5
Summonings     | |  7.2

Action                   |  1- 3 |  4- 6 || total
-------------------------+-------+-------++-------
Melee: Unarmed           |    39 |       ||    39
       Club              |     7 |       ||     7
       Bite              |    15 |     9 ||    24
       Whip              |    92 |    57 ||   149
       Punch             |     2 |       ||     2
 Cast: Summon Small Mamm |    13 |       ||    13
       Call Canine Famil |     1 |     2 ||     3
       Call Imp          |       |     3 ||     3
  Use: Scroll            |     2 |     6 ||     8
       Potion            |       |     3 ||     3
 Stab: Sleeping          |     8 |     2 ||    10
Armor: Robe              |    19 |    16 ||    35
Dodge: Dodged            |   102 |    55 ||   157
